[ AOE2 MATCH · #507820421 ]
UnrankedTeutons vs Khitans
Player's team · LOSS
Rival team · WIN
[ REPLAY ANALYSIS · EXTRACTED FROM THE RECORDED GAME ]
Feudal
9:05
Castle
25:54
Imperial
53:24
| APM avg | 44.6 |
| APM peak | 94 |
| eAPM avg | 27.7 |
| Villagers / military | 172 / 153 |
Focus
⚔️ 38.1% · 🌾 61.9%
Knight ×71 · Spearman ×45 · Teutonic Knight ×21 · Battering Ram ×12 · Mangonel ×3 · Monk ×1
Feudal
11:00
Castle
23:22
Imperial
37:39
| APM avg | 57.8 |
| APM peak | 142 |
| eAPM avg | 36.9 |
| Villagers / military | 177 / 140 |
Focus
⚔️ 36.8% · 🌾 63.2%
Unknown (1920) ×65 · Scout Cavalry ×64 · Camel Scout ×44 · Steppe Lancer ×13 · Trebuchet (Packed) ×9 · Monk ×5
Match map
Initial resources + every placement click. Lines = walls · curves = elevation contours. ◆ gold · ⬟ stone · ● berries · ✦ relic · ◌ wall gap
Your base· ✓ Closed at 25:55 · 5t walls · 3 gate(s)
cabdelbrillo's base· ✓ Closed at 23:23 · 16t walls · 4 gate(s)
Smoothed initial terrain · ◌ = detected wall gap · hover for details
Inputs per minute
— [PSCH] wolverito - - cabdelbrillo
Build order — [PSCH] wolverito
First 150 of 513 actions detected
| 0:00 | Queue | Villager (Male) |
| 0:00 | Queue | Villager (Male) |
| 0:02 | Build | House |
| 0:03 | Build | House |
| 0:05 | Queue | Villager (Male) |
| 0:07 | Queue | Villager (Male) |
| 1:24 | Queue | Villager (Male) |
| 2:00 | Queue | Villager (Male) |
| 2:13 | Queue | Villager (Male) |
| 2:38 | Build | House |
| 2:46 | Queue | Villager (Male) |
| 2:58 | Queue | Villager (Male) |
| 3:11 | Build | Lumber Camp |
| 3:26 | Queue | Villager (Male) |
| 3:54 | Queue | Villager (Male) |
| 4:18 | Queue | Villager (Male) |
| 4:25 | Queue | Villager (Male) |
| 4:59 | Build | Mill |
| 5:18 | Queue | Villager (Male) |
| 5:48 | Queue | Villager (Male) |
| 6:00 | Research | Loom |
| 6:55 | Research | Feudal Age |
| 7:08 | Build | Mining Camp |
| 7:21 | Queue | Villager (Male) |
| 7:43 | Build | House |
| 8:08 | Queue | Villager (Male) |
| 8:18 | Build | House |
| 9:05 | Age | Feudal Age |
| 9:12 | Build | Watch Tower |
| 9:28 | Build | Blacksmith |
| 9:30 | Queue | Villager (Male) |
| 10:33 | Build | Watch Tower |
| 10:44 | Queue | Villager (Male) |
| 10:48 | Build | House |
| 11:12 | Build | Watch Tower |
| 11:18 | Build | Watch Tower |
| 11:31 | Queue | Villager (Male) |
| 12:55 | Queue | Villager (Male) |
| 13:21 | Build | Watch Tower |
| 13:29 | Queue | Villager (Male) |
| 13:58 | Queue | Villager (Male) |
| 13:59 | Queue | Villager (Male) |
| 14:18 | Build | Market |
| 14:19 | Queue | Villager (Male) |
| 14:42 | Research | Fletching |
| 16:06 | Queue | Villager (Male) |
| 16:07 | Queue | Villager (Male) |
| 16:07 | Queue | Villager (Male) |
| 16:30 | Queue | Villager (Male) |
| 16:38 | Build | House |
| 16:39 | Queue | Villager (Male) |
| 16:47 | Build | Watch Tower |
| 17:34 | Queue | Villager (Male) |
| 17:35 | Build | Farm |
| 17:36 | Build | Farm |
| 17:37 | Build | Farm |
| 17:37 | Queue | Villager (Male) |
| 17:43 | Queue | Villager (Male) |
| 17:49 | Build | Farm |
| 17:53 | Build | Farm |
| 17:54 | Queue | Villager (Male) |
| 18:13 | Queue | Villager (Male) |
| 19:45 | Queue | Villager (Male) |
| 19:45 | Queue | Villager (Male) |
| 19:45 | Queue | Villager (Male) |
| 20:02 | Build | Watch Tower |
| 20:09 | Build | House |
| 20:11 | Build | House |
| 20:17 | Build | House |
| 20:26 | Queue | Villager (Male) |
| 20:26 | Queue | Villager (Male) |
| 20:29 | Build | Farm |
| 20:29 | Build | Farm |
| 20:30 | Build | Farm |
| 20:30 | Build | Farm |
| 20:30 | Build | Farm |
| 20:30 | Build | Farm |
| 20:30 | Build | Farm |
| 20:33 | Build | House |
| 20:33 | Build | House |
| 20:36 | Queue | Villager (Male) |
| 20:36 | Queue | Villager (Male) |
| 20:38 | Build | Mining Camp |
| 21:11 | Queue | Villager (Male) |
| 21:21 | Build | Palisade Wall |
| 21:30 | Build | Palisade Wall |
| 21:33 | Build | Palisade Wall |
| 21:46 | Build | Palisade Wall |
| 21:47 | Build | Palisade Wall |
| 22:02 | Build | Watch Tower |
| 22:10 | Build | Farm |
| 22:12 | Build | Farm |
| 22:13 | Queue | Villager (Male) |
| 22:25 | Build | Farm |
| 22:27 | Build | Farm |
| 22:52 | Research | Double-Bit Axe |
| 23:15 | Research | Castle Age |
| 23:20 | Build | Farm |
| 23:31 | Queue | Villager (Male) |
| 23:45 | Research | Double-Bit Axe |
| 23:57 | Research | Horse Collar |
| 24:05 | Queue | Villager (Male) |
| 24:39 | Build | Barracks |
| 25:05 | Research | Scale Barding Armor |
| 25:34 | Build | Stable |
| 25:35 | Queue | Villager (Male) |
| 25:54 | Age | Castle Age |
| 25:58 | Research | Chain Barding Armor |
| 26:15 | Queue | Knight |
| 26:16 | Queue | Knight |
| 26:20 | Build | Stable |
| 26:26 | Queue | Villager (Male) |
| 26:30 | Queue | Knight |
| 26:51 | Queue | Villager (Male) |
| 26:59 | Queue | Knight |
| 27:10 | Queue | Villager (Male) |
| 27:14 | Research | Bow Saw |
| 27:22 | Queue | Villager (Male) |
| 27:27 | Queue | Knight |
| 27:28 | Queue | Villager (Male) |
| 27:35 | Queue | Villager (Male) |
| 27:54 | Queue | Knight |
| 27:58 | Queue | Villager (Male) |
| 28:06 | Queue | Villager (Male) |
| 28:18 | Build | Monastery |
| 28:19 | Queue | Villager (Male) |
| 28:29 | Queue | Knight |
| 28:30 | Queue | Villager (Male) |
| 28:38 | Queue | Villager (Male) |
| 28:48 | Queue | Villager (Male) |
| 28:49 | Queue | Knight |
| 28:54 | Queue | Villager (Male) |
| 29:09 | Research | Forging |
| 29:11 | Build | House |
| 29:11 | Queue | Monk |
| 29:22 | Queue | Knight |
| 29:27 | Queue | Villager (Male) |
| 29:32 | Build | House |
| 29:32 | Build | House |
| 29:42 | Queue | Knight |
| 29:54 | Queue | Villager (Male) |
| 30:00 | Build | Farm |
| 30:00 | Queue | Villager (Male) |
| 30:03 | Build | Farm |
| 30:04 | Queue | Villager (Male) |
| 30:07 | Build | Farm |
| 30:08 | Queue | Knight |
| 30:21 | Queue | Knight |
| 30:25 | Build | Farm |
| 30:26 | Build | Farm |
Build order — cabdelbrillo
First 150 of 551 actions detected
| 0:02 | Queue | Villager (Male) |
| 0:02 | Queue | Villager (Male) |
| 0:02 | Queue | Villager (Male) |
| 0:03 | Build | House |
| 0:04 | Build | House |
| 0:18 | Queue | Villager (Male) |
| 0:19 | Queue | Villager (Male) |
| 1:19 | Queue | Villager (Male) |
| 1:19 | Queue | Villager (Male) |
| 1:19 | Queue | Villager (Male) |
| 2:07 | Queue | Villager (Male) |
| 2:07 | Queue | Villager (Male) |
| 2:07 | Queue | Villager (Male) |
| 2:15 | Build | Lumber Camp |
| 2:20 | Queue | Villager (Male) |
| 2:20 | Queue | Villager (Male) |
| 2:42 | Queue | Villager (Male) |
| 3:12 | Build | House |
| 3:13 | Build | House |
| 3:20 | Queue | Villager (Male) |
| 3:21 | Queue | Villager (Male) |
| 3:41 | Queue | Villager (Male) |
| 3:41 | Queue | Villager (Male) |
| 4:07 | Queue | Villager (Male) |
| 4:07 | Queue | Villager (Male) |
| 4:14 | Build | Mill |
| 4:21 | Queue | Villager (Male) |
| 4:57 | Queue | Villager (Male) |
| 5:07 | Queue | Villager (Male) |
| 5:32 | Queue | Villager (Male) |
| 5:38 | Build | Pasture |
| 5:46 | Queue | Villager (Male) |
| 6:01 | Queue | Villager (Male) |
| 6:25 | Queue | Villager (Male) |
| 6:29 | Build | Pasture |
| 7:17 | Build | Pasture |
| 7:20 | Queue | Villager (Male) |
| 8:00 | Queue | Villager (Male) |
| 8:04 | Queue | Villager (Male) |
| 8:14 | Build | Pasture |
| 8:41 | Build | House |
| 8:43 | Build | House |
| 8:46 | Research | Feudal Age |
| 8:47 | Research | Feudal Age |
| 9:27 | Research | Loom |
| 9:54 | Build | House |
| 9:56 | Build | House |
| 10:04 | Build | Palisade Wall |
| 10:19 | Build | Palisade Wall |
| 10:22 | Build | Palisade Gate |
| 10:51 | Build | Mining Camp |
| 10:52 | Queue | Villager (Male) |
| 11:00 | Age | Feudal Age |
| 11:03 | Queue | Villager (Male) |
| 11:25 | Build | Watch Tower |
| 11:29 | Queue | Villager (Male) |
| 11:35 | Queue | Villager (Male) |
| 12:02 | Build | Stone Wall |
| 12:22 | Build | Stone Wall |
| 12:25 | Build | Stone Wall |
| 12:27 | Queue | Villager (Male) |
| 12:28 | Queue | Villager (Male) |
| 12:58 | Queue | Villager (Male) |
| 12:59 | Queue | Villager (Male) |
| 12:59 | Queue | Villager (Male) |
| 13:16 | Build | Watch Tower |
| 13:25 | Build | Watch Tower |
| 13:28 | Queue | Villager (Male) |
| 13:39 | Queue | Villager (Male) |
| 13:42 | Queue | Villager (Male) |
| 13:49 | Build | Blacksmith |
| 14:15 | Queue | Villager (Male) |
| 14:20 | Queue | Villager (Male) |
| 14:22 | Research | Fletching |
| 14:23 | Research | Fletching |
| 14:41 | Queue | Villager (Male) |
| 14:43 | Build | Pasture |
| 14:44 | Queue | Villager (Male) |
| 15:12 | Queue | Villager (Male) |
| 15:13 | Build | Pasture |
| 15:34 | Queue | Villager (Male) |
| 15:37 | Build | Pasture |
| 15:39 | Queue | Villager (Male) |
| 15:51 | Queue | Villager (Male) |
| 16:11 | Queue | Villager (Male) |
| 16:35 | Build | Pasture |
| 16:35 | Queue | Villager (Male) |
| 16:42 | Build | Watch Tower |
| 16:45 | Queue | Villager (Male) |
| 16:50 | Queue | Villager (Male) |
| 16:53 | Queue | Villager (Male) |
| 17:05 | Build | Mining Camp |
| 17:13 | Queue | Villager (Male) |
| 17:47 | Queue | Villager (Male) |
| 17:48 | Queue | Villager (Male) |
| 17:55 | Build | Market |
| 17:57 | Queue | Villager (Male) |
| 18:08 | Queue | Villager (Male) |
| 18:18 | Queue | Villager (Male) |
| 18:37 | Build | House |
| 18:51 | Build | Palisade Wall |
| 18:53 | Build | Palisade Wall |
| 18:54 | Build | Palisade Wall |
| 18:59 | Build | Palisade Wall |
| 19:00 | Build | Palisade Wall |
| 19:25 | Queue | Villager (Male) |
| 19:26 | Queue | Villager (Male) |
| 19:43 | Queue | Villager (Male) |
| 19:56 | Build | Palisade Wall |
| 20:00 | Queue | Villager (Male) |
| 20:03 | Build | Palisade Wall |
| 20:12 | Queue | Villager (Male) |
| 20:20 | Queue | Villager (Male) |
| 20:29 | Research | Castle Age |
| 20:29 | Research | Castle Age |
| 20:49 | Queue | Villager (Male) |
| 21:00 | Research | Forging |
| 21:00 | Research | Forging |
| 21:00 | Research | Forging |
| 21:02 | Build | Barracks |
| 21:05 | Research | Double-Bit Axe |
| 21:06 | Research | Double-Bit Axe |
| 22:00 | Build | Stable |
| 22:04 | Build | Stable |
| 22:06 | Queue | Villager (Male) |
| 22:14 | Build | Watch Tower |
| 22:18 | Queue | Villager (Male) |
| 22:41 | Build | Lumber Camp |
| 22:45 | Queue | Villager (Male) |
| 22:48 | Queue | Scout Cavalry |
| 22:48 | Queue | Scout Cavalry |
| 22:49 | Queue | Scout Cavalry |
| 22:49 | Queue | Scout Cavalry |
| 22:50 | Queue | Scout Cavalry |
| 23:22 | Age | Castle Age |
| 23:27 | Research | Light Cavalry (upgrade) |
| 23:27 | Research | Light Cavalry (upgrade) |
| 23:49 | Research | Iron Casting |
| 23:49 | Research | Iron Casting |
| 23:52 | Queue | Villager (Male) |
| 23:52 | Queue | Villager (Male) |
| 23:53 | Queue | Villager (Male) |
| 23:57 | Build | Pasture |
| 24:14 | Queue | Villager (Male) |
| 24:15 | Build | Town Center |
| 24:22 | Queue | Scout Cavalry |
| 24:22 | Queue | Scout Cavalry |
| 24:23 | Queue | Scout Cavalry |
| 24:23 | Queue | Scout Cavalry |
| 24:23 | Queue | Scout Cavalry |
Match timeline
| 9:05 | [PSCH] wolverito · age_up feudal |
| 10:04 | cabdelbrillo · wall_segment Palisade Wall x4 |
| 10:19 | cabdelbrillo · wall_segment Palisade Wall x4 |
| 11:00 | cabdelbrillo · age_up feudal |
| 12:02 | cabdelbrillo · wall_segment Stone Wall x1 |
| 12:22 | cabdelbrillo · wall_segment Stone Wall x1 |
| 12:25 | cabdelbrillo · wall_segment Stone Wall x1 |
| 15:52 | [PSCH] wolverito · first_market_sell 100 wood |
| 15:55 | [PSCH] wolverito · first_market_buy 100 food |
| 18:51 | cabdelbrillo · wall_segment Palisade Wall x1 |
| 18:53 | cabdelbrillo · wall_segment Palisade Wall x1 |
| 18:54 | cabdelbrillo · wall_segment Palisade Wall x1 |
| 18:59 | cabdelbrillo · wall_segment Palisade Wall x1 |
| 19:00 | cabdelbrillo · wall_segment Palisade Wall x1 |
| 19:56 | cabdelbrillo · wall_segment Palisade Wall x1 |
| 20:03 | cabdelbrillo · wall_segment Palisade Wall x1 |
| 21:02 | cabdelbrillo · first_building Barracks |
| 21:21 | [PSCH] wolverito · wall_segment Palisade Wall x1 |
| 21:30 | [PSCH] wolverito · wall_segment Palisade Wall x1 |
| 21:33 | [PSCH] wolverito · wall_segment Palisade Wall x1 |
| 21:46 | [PSCH] wolverito · wall_segment Palisade Wall x1 |
| 21:47 | [PSCH] wolverito · wall_segment Palisade Wall x1 |
| 22:00 | cabdelbrillo · first_building Stable |
| 23:22 | cabdelbrillo · age_up castle |
| 24:39 | [PSCH] wolverito · first_building Barracks |
| 25:34 | [PSCH] wolverito · first_building Stable |
| 25:54 | [PSCH] wolverito · age_up castle |
| 27:11 | cabdelbrillo · first_building Monastery |
| 28:18 | [PSCH] wolverito · first_building Monastery |
| 28:50 | cabdelbrillo · wall_segment Stone Wall x8 |
| 29:40 | cabdelbrillo · first_building Castle |
| 36:31 | [PSCH] wolverito · first_building Castle |
| 37:39 | cabdelbrillo · age_up imperial |
| 37:59 | [PSCH] wolverito · first_building Siege Workshop |
| 38:16 | cabdelbrillo · wall_segment Stone Wall x1 |
| 39:46 | cabdelbrillo · first_building Siege Workshop |
| 45:12 | [PSCH] wolverito · wall_segment Stone Wall x15 |
| 49:38 | [PSCH] wolverito · wall_segment Palisade Wall x3 |
| 49:46 | [PSCH] wolverito · wall_segment Stone Wall x4 |
| 49:47 | [PSCH] wolverito · wall_segment Stone Wall x3 |
| 49:48 | [PSCH] wolverito · wall_segment Stone Wall x2 |
| 49:48 | [PSCH] wolverito · wall_segment Stone Wall x2 |
| 49:50 | [PSCH] wolverito · wall_segment Stone Wall x2 |
| 49:52 | [PSCH] wolverito · wall_segment Stone Wall x4 |
| 50:00 | [PSCH] wolverito · wall_segment Palisade Wall x2 |
| 53:24 | [PSCH] wolverito · age_up imperial |
| 54:30 | [PSCH] wolverito · resign |
[ AI ANALYSIS · 1 CREDIT ]
What really happened in this match?
Wolo.gg analyzes every decision: build order, eco, micro, common mistakes by bracket. Personalized analysis on WhatsApp or Discord in 30 seconds.
Civ guide
Teutons
Perfil
Jugador #2117595